 Dungeon Crawl Stone Soup version 0.24.0-125-gc4c63601f3 (webtiles) character file.

Game seed: 15538572833368645948, levelgen mode: deterministic

37064 Martska the Geomancer (level 13, -4/80 HPs)
             Began as a Gargoyle Earth Elementalist on Feb 24, 2020.
             Was an Elder of Vehumet.
             Slain by a polar bear (15 damage)
             ... on level 5 of the Lair of Beasts.
             The game lasted 01:15:01 (17445 turns).

Martska the Geomancer (GrEE)                       Turns: 17445, Time: 01:15:05

Health: -4/80      AC:  4    Str: 16    XL:     13   Next: 94%
Magic:  5/27       EV: 11    Int: 20    God:    Vehumet [****..]
Gold:   515        SH:  5    Dex: 10    Spells: 9/32 levels left

rFire    + . .     SeeInvis .   O - +9 flail of Saltpetre {drain, MR++ Str+3}
rCold    . . .     Gourm    .   (no shield)
rNeg     + . .     Faith    .   i - +0 troll leather armour
rPois    ∞         Spirit   .   (no helmet)
rElec    +         Reflect  +   T - +2 cloak {MR+}
rCorr    .         Harm     .   y - +1 pair of gloves
MR       +++..                  (no boots)
Stlth    ++........             r - +5 amulet of reflection
HPRegen  0.63/turn              l - ring of fire
MPRegen  0.20/turn              S - ring of protection from cold

@: about to teleport, corroded
A: negative energy resistance 1, electricity resistance, unbreathing,
petrification resistance, rot immunity, AC +9
a: Renounce Religion


You were on level 5 of the Lair of Beasts.
You worshipped Vehumet.
Vehumet was greatly pleased with you.
You were hungry.

You visited 2 branches of the dungeon, and saw 15 of its levels.
You also visited: Sewer.

You collected 945 gold pieces.
You spent 430 gold pieces at shops.

Inventory:

Hand Weapons
 e - a +4 spear of venom
 p - a +1 mace of protection
 t - the +7 pair of quick blades "Gyre" and "Gimble" {protect}
   (You found it on level 2 of the Lair of Beasts)

   It grants its wielder temporary protection when it strikes (+7 to AC).
 O - the +9 flail of Saltpetre (weapon) {drain, MR++ Str+3}
   (You found it on level 7 of the Dungeon)

   A truly terrible weapon, it drains the life of those it strikes.
   It affects your strength (+3).
   It affects your resistance to hostile enchantments.
 Q - a +1 whip of electrocution
Missiles
 b - 184 stones (quivered)
Armour
 i - a +0 troll leather armour (worn)
 x - a +0 large shield
 y - a +1 pair of gloves (worn)
 C - a +0 shield
 P - a scarf of resistance
 T - a +2 cloak of magic resistance (worn)
Jewellery
 f - an uncursed amulet of rage
 h - a cursed -2 ring of protection {unknown}
 l - a ring of fire (left hand)
 r - a +5 amulet of reflection (around neck)
 s - a +2 amulet of reflection
 u - an uncursed ring of fire
 S - a ring of protection from cold (right hand)
Wands
 c - a wand of enslavement (7)
 v - a wand of flame (17)
 G - a wand of random effects (42)
 H - a wand of clouds (5)
 R - a wand of polymorph (3)
 W - a wand of disintegration (8)
 Z - a wand of iceblast (6)
Scrolls
 a - 8 scrolls of identify
 g - 6 scrolls of magic mapping
 k - 5 scrolls of teleportation
 n - 6 scrolls of remove curse
 q - a scroll of random uselessness
 A - a scroll of holy word {unknown}
 B - 5 scrolls of enchant armour {unknown}
 F - 5 scrolls of amnesia
 J - 2 scrolls of enchant weapon
 U - a scroll of immolation
 V - a scroll of torment
 Y - a scroll of fog {unknown}
Potions
 j - 2 potions of haste {unknown}
 m - a potion of cancellation
 o - 7 potions of curing
 z - 5 potions of flight
 D - 2 potions of agility
 E - 2 potions of brilliance {unknown}
 I - a potion of heal wounds {unknown}
 K - 4 potions of mutation {unknown}
 L - a potion of invisibility {unknown}
 M - 3 potions of might {unknown}
 N - 2 potions of lignification {unknown}
Comestibles
 d - 8 rations


   Skills:
 + Level 9.4 Fighting
 + Level 8.6 Maces & Flails
 - Level 6.2 Armour
 - Level 1.5 Dodging
 - Level 2.1 Stealth
 + Level 2.5 Shields
 + Level 10.1 Spellcasting
 - Level 0.7 Transmutations
 * Level 6.2 Fire Magic
 * Level 14.6 Earth Magic
 * Level 7.5 Evocations


You had 9 spell levels left.
You knew the following spells:

 Your Spells              Type           Power        Failure   Level  Hunger
a - Sandblast             Erth           ######       0%          1    None
b - Stone Arrow           Conj/Erth      #####.       1%          3    None
c - Lee's Rapid Deconstr  Erth           ######....   1%          5    ####...
d - Regeneration          Chrm/Necr      ##........   24%         3    None
e - Passwall              Tmut/Erth      #####...     1%          2    None
f - Inner Flame           Hex/Fire       ####....     1%          3    None
g - Swiftness             Chrm/Air       ##......     12%         2    None
h - Sticky Flame          Conj/Fire      ####....     6%          4    ##.....

Your spell library contained the following spells:

 Spells                   Type           Power        Failure   Level  Hunger
 Shock                    Conj/Air       ##..         2%          1    None
 Petrify                  Tmut/Erth      #####...     3%          4    ##.....
 Beastly Appendage        Tmut           ##....       6%          1    None
 Static Discharge         Conj/Air       ##......     7%          3    None
 Animate Skeleton         Necr           N/A          9%          1    None
 Pain                     Necr           ##..         9%          1    None
 Sticks to Snakes         Tmut           ##......     9%          2    None
 Airstrike                Air            ##........   21%         4    ##.....
 Spider Form              Tmut/Pois      ##........   22%         3    None
 Vampiric Draining        Necr           ##........   24%         3    None
 Lightning Bolt           Conj/Air       ##........   47%         5    ####...
 Ice Form                 Ice/Tmut       ##......     56%         4    ##.....
 Animate Dead             Necr           N/A          63%         4    ##.....
 Blade Hands              Tmut           ##........   86%         5    ####...


Dungeon Overview and Level Annotations

Branches:
Dungeon (10/15)            Temple (0/1) D:4            Lair (5/6) D:10
  Swamp (0/4) Lair:3       Spider (0/4) Lair:3        Sewer (visited)
  Slime: Lair:5-6       Orc: D:9-12

Altars:
Fedhas
Makhleb
Okawaru
Vehumet
Wu Jian
Xom
Yredelemnul
Zin
Jiyva

Shops:
D:4 *   D:9 ?   D:10 [

Annotations:
D:8 3 runed translucent doors, Quickbrownfox's ghost, novice OpTm


Innate Abilities, Weirdness & Mutations

You are resistant to torment.
Your stone body is resilient. (AC +9)
You are immune to poison.
You resist negative energy. (rN+)
You are resistant to electric shocks. (rElec)
You can survive without breathing.
You are immune to petrification.
You are immune to rotting.


Message History

The entropy weaver hits you.
* * * LOW HITPOINT WARNING * * *
The entropy weaver hits you.
* * * LOW HITPOINT WARNING * * *
The water moccasin bites you but does no damage.
As you read the scroll of fear, it crumbles to dust.
You assume a fearsome visage.
The soldier ant looks frightened! x2
The entropy weaver looks frightened!
The water moccasin looks frightened!
The hippogriff looks frightened!
As you read the scroll of teleportation, it crumbles to dust.
You feel strangely unstable. The worker ant bites you.
* * * LOW HITPOINT WARNING * * *
You hit the polar bear. You drain the polar bear.
The polar bear is almost dead.
The polar bear misses you. The polar bear claws you.
* * * LOW HITPOINT WARNING * * *
The polar bear misses you. The worker ant misses you.
Cornered, the soldier ant turns to fight!
The polar bear bites you!
You die...

#.....<.# #....P...... #....†..#
. #........... ###.....# .♣P
#........... #..#..##♣...
#........... ##.#...#♣P.P.
#........... #......#.♣≈♣.
#........... .#......P♣.≈≈.
#...#....††.
....#.....P♣≈.#####†##...........
...#.P..#♣#)♣♣.#@h)†##..........#
........# ..♣..a##a.H#...........
........# ♣#P♣.## aa#...........
......#.###...♣### ##...........
#.#..#.......................P...
##.........S.....####............
##..P........#### ..........
#.........### ##........#


You could see an entropy weaver (fleeing), a polar bear (berserk), a hippogriff
(fleeing), 2 soldier ants, a water moccasin (fleeing) and a worker ant.

Vanquished Creatures
  An entropy weaver (Lair:5)
  Josephine (D:10)
  5 hydras
  2 two-headed ogres (D:8)
  3 death yaks (D:9)
  A queen ant (Lair:5)
  An orb spider (Lair:3)
  A deep elf mage (D:10)
  Pikel (D:8)
  Maurice (D:9)
  6 elephants (Lair:3)
  Joseph (Lair:1)
  A gargoyle (D:10)
  5 spiny frogs
  2 black mambas
  A rime drake (Lair:3)
  An efreet (D:10)
  A kobold demonologist (D:10)
  6 komodo dragons
  2 trolls
  2 polar bears (Lair:4)
  9 blink frogs
  8 hippogriffs
  2 bog bodies (Lair:3)
  3 wraiths (D:10)
  A wyvern (Lair:3)
  38 yaks
  Eustachio (D:5)
  3 basilisks
  A hungry ghost (D:10)
  2 soldier ants (Lair:5)
  9 water moccasins
  Duvessa (D:5)
  5 porcupines
  A sky beast (D:7)
  An orc warrior (D:8)
  6 black bears
  4 ice beasts
  A slave (D:8)
  4 phantoms
  A necrophage (D:7)
  13 wolves
  6 ogres
  10 crocodiles
  2 centaurs
  Blork the orc (D:6)
  8 bullfrogs
  Dowan (D:4)
  4 scorpions
  An electric eel (D:10)
  4 howler monkeys
  A crimson imp (D:10)
  3 bullfrog skeletons
  2 bullfrog zombies
  5 jellies
  2 centaur skeletons
  A hound (D:8)
  6 orc priests
  6 orc wizards
  4 iguanas
  5 hell rats (Lair:5)
  13 worker ants
  A killer bee zombie (D:5)
  A hound zombie (D:5)
  2 worker ant zombies
  A howler monkey zombie (D:3)
  A howler monkey skeleton (D:4)
  A gnoll (D:1)
  14 adders
  2 shadow imps
  7 oozes
  2 adder skeletons
  2 adder zombies (D:5)
  2 worms (D:3)
  2 dart slugs (D:1)
  22 leopard geckos
  15 orcs
  7 ball pythons (Sewer)
  5 bats
  17 giant cockroaches
  8 goblins
  13 hobgoblins
  14 jackals
  5 kobolds
  A quokka (D:2)
  14 frilled lizards
  A giant cockroach zombie (D:5)
  8 rats
412 creatures vanquished.

Vanquished Creatures (others)
  5 dream sheep (D:4)
  A water moccasin (Lair:5)
  2 centaurs
  An adder (D:10)
  2 fungi
11 creatures vanquished.

Grand Total: 423 creatures vanquished

Notes
Turn   | Place    | Note
-------+----------+-------------------------------------------
     0 | D:1      | Martska the Gargoyle Earth Elementalist began the quest for
                  | the Orb.
     0 | D:1      | Reached XP level 1. HP: 10/10 MP: 3/3
   404 | D:1      | Reached skill level 4 in Earth Magic
   404 | D:1      | Reached XP level 2. HP: 13/15 MP: 5/5
   801 | D:1      | Reached XP level 3. HP: 19/19 MP: 4/6
   945 | D:1      | Learned a level 3 spell: Stone Arrow
  1588 | D:2      | Reached XP level 4. HP: 20/24 MP: 8/8
  2344 | D:2      | Reached skill level 5 in Earth Magic
  2522 | D:3      | Reached skill level 1 in Fighting
  2522 | D:3      | Reached XP level 5. HP: 24/29 MP: 2/10
  2636 | D:3      | Reached skill level 1 in Armour
  2686 | D:3      | Reached skill level 1 in Maces & Flails
  2755 | D:3      | Found a glowing drain.
  2791 | Sewer    | Entered a sewer
  2852 | Sewer    | Reached XP level 6. HP: 29/35 MP: 6/11
  3563 | D:3      | Found a glowing silver altar of Zin.
  3723 | D:4      | Reached skill level 6 in Earth Magic
  3785 | D:4      | Noticed a dream sheep
  3785 | D:4      | Noticed a dream sheep
  3785 | D:4      | Noticed a dream sheep
  3785 | D:4      | Noticed a dream sheep
  3785 | D:4      | Noticed a dream sheep
  3785 | D:4      | Found a shimmering altar of Xom.
  3788 | D:4      | Killed a dream sheep
  3788 | D:4      | Reached XP level 7. HP: 40/40 MP: 2/13
  3791 | D:4      | Killed a dream sheep
  3791 | D:4      | Killed a dream sheep
  3792 | D:4      | Killed a dream sheep
  3793 | D:4      | Killed a dream sheep
  3912 | D:4      | Learned a level 5 spell: Lee's Rapid Deconstruction
  4195 | D:4      | Found Tenk's Assorted Antiques.
  4198 | D:4      | Bought 2 glowing sapphire potions for 50 gold pieces
  4198 | D:4      | Bought a red potion for 25 gold pieces
  4436 | D:4      | Found a staircase to the Ecumenical Temple.
  4746 | D:5      | Entered Level 5 of the Dungeon
  4746 | D:5      | Found an iron altar of Okawaru.
  4746 | D:5      | Found a radiant altar of Vehumet.
  4746 | D:5      | Found an ornate altar of the Wu Jian Council.
  4747 | D:5      | Found a shimmering altar of Xom.
  4747 | D:5      | Found a basalt altar of Yredelemnul.
  4747 | D:5      | Found a burning altar of Makhleb.
  4748 | D:5      | Found a blossoming altar of Fedhas.
  4752 | D:5      | Became a worshipper of Vehumet
  4760 | D:5      | Noticed a troll
  4767 | D:5      | Killed a troll
  4767 | D:5      | Reached skill level 5 in Spellcasting
  4767 | D:5      | Reached skill level 7 in Earth Magic
  4767 | D:5      | Reached XP level 8. HP: 36/46 MP: 2/15
  5063 | D:5      | Noticed Duvessa
  5066 | D:5      | Noticed Dowan
  5073 | D:5      | Killed Duvessa
  5074 | D:5      | Noticed Eustachio
  5077 | D:4      | Killed Dowan
  5534 | D:5      | Reached skill level 8 in Earth Magic
  5590 | D:5      | Reached * piety under Vehumet
  5590 | D:5      | Offered knowledge of Shock by Vehumet.
  5740 | D:5      | Killed Eustachio
  5740 | D:5      | Reached XP level 9. HP: 47/52 MP: 10/18
  6351 | D:6      | Noticed Blork the orc
  6357 | D:6      | Killed Blork the orc
  6756 | D:6      | Reached skill level 9 in Earth Magic
  7203 | D:7      | Got a bloodstained flail
  7204 | D:7      | Identified the +9 flail of Saltpetre {drain, MR++ Str+3}
                  | (You found it on level 7 of the Dungeon)
  7416 | D:7      | Reached skill level 5 in Fighting
  7416 | D:7      | Reached skill level 5 in Armour
  7688 | D:8      | Noticed a two-headed ogre
  7695 | D:8      | Killed a two-headed ogre
  7695 | D:8      | Reached XP level 10. HP: 40/59 MP: 3/21
  7698 | D:8      | Reached skill level 10 in Earth Magic
  7852 | D:8      | Reached skill level 5 in Maces & Flails
  8364 | D:8      | Reached ** piety under Vehumet
  8365 | D:8      | Offered knowledge of Freeze by Vehumet.
  8404 | D:8      | Noticed Pikel
  8408 | D:8      | Killed Pikel
  8408 | D:8      | Reached skill level 1 in Evocations
  8510 | D:8      | Found a runed translucent gate.
  8510 | D:8      | Found a runed translucent gate.
  8512 | D:8      | Found a runed translucent gate.
  8512 | D:8      | Noticed Quickbrownfox's ghost (novice OpTm)
  8613 | D:8      | Found a viscous altar of Jiyva.
  8919 | D:9      | Learned a level 3 spell: Regeneration
  8953 | D:10     | Entered Level 10 of the Dungeon
  9210 | D:9      | Learned a level 2 spell: Passwall
  9263 | D:9      | Noticed Maurice
  9278 | D:9      | Killed Maurice
  9496 | D:9      | Reached skill level 11 in Earth Magic
  9498 | D:9      | Noticed a five-headed hydra
  9774 | D:9      | Noticed a two-headed ogre
 10118 | D:8      | Killed a two-headed ogre
 10118 | D:8      | Reached XP level 11. HP: 66/66 MP: 5/23
 10397 | D:9      | Killed a five-headed hydra
 10618 | D:9      | Found Foih's Magic Scroll Emporium.
 10621 | D:9      | Bought a scroll of immolation for 38 gold pieces
 10621 | D:9      | Bought a scroll of torment for 82 gold pieces
 10621 | D:9      | Bought a scroll of enchant weapon for 82 gold pieces
 10621 | D:9      | Bought a scroll of blinking for 82 gold pieces
 10621 | D:9      | Bought a scroll of teleportation for 33 gold pieces
 10621 | D:9      | Bought a scroll of amnesia for 38 gold pieces
 11252 | D:10     | Noticed a death yak
 11253 | D:10     | Noticed a death yak
 11254 | D:10     | Found a staircase to the Lair.
 11254 | D:10     | Noticed a death yak
 11278 | D:9      | Killed a death yak
 11278 | D:9      | Reached skill level 12 in Earth Magic
 11495 | D:9      | Killed a death yak
 11617 | D:9      | Killed a death yak
 12175 | D:10     | Found Munonati's Armour Shop.
 12221 | D:10     | Noticed a deep elf mage
 12225 | D:10     | Noticed a five-headed hydra
 12230 | D:10     | Killed a deep elf mage
 12230 | D:10     | Reached XP level 12. HP: 56/72 MP: 3/25
 12238 | D:10     | Killed a five-headed hydra
 12238 | D:10     | Offered knowledge of Inner Flame by Vehumet.
 12259 | D:10     | Identified the +9 falchion "Kuurat" {drain, rPois rC+ Str-5
                  | Int+4}
 12259 | D:10     | Noticed Josephine
 12294 | D:10     | Killed Josephine
 12327 | D:10     | Reached skill level 13 in Earth Magic
 12437 | D:10     | Learned a level 3 spell: Inner Flame
 12484 | Lair:1   | Entered Level 1 of the Lair of Beasts
 12752 | D:10     | Noticed an eight-headed hydra
 12758 | D:10     | Killed an eight-headed hydra
 12758 | D:10     | Reached skill level 1 in Fire Magic
 12779 | Lair:1   | Reached *** piety under Vehumet
 12786 | Lair:1   | Reached skill level 5 in Evocations
 13161 | Lair:1   | Noticed Joseph
 13171 | Lair:1   | Killed Joseph
 13756 | Lair:1   | Offered knowledge of Ignite Poison by Vehumet.
 14171 | Lair:2   | Reached XP level 13. HP: 79/79 MP: 7/26
 14259 | Lair:2   | Learned a level 2 spell: Swiftness
 14301 | Lair:2   | Found the +7 pair of quick blades "Gyre" and "Gimble"
                  | {protect}
 14549 | Lair:2   | Reached **** piety under Vehumet
 15161 | Lair:3   | Reached skill level 14 in Earth Magic
 15397 | Lair:3   | Reached skill level 5 in Fire Magic
 15429 | Lair:3   | Found a hole to the Spider Nest.
 15471 | Lair:3   | Found a staircase to the Swamp.
 15833 | Lair:3   | Offered knowledge of Sticky Flame by Vehumet.
 16345 | Lair:4   | Reached skill level 1 in Shields
 16820 | Lair:4   | Learned a level 4 spell: Sticky Flame
 16944 | Lair:4   | Reached skill level 10 in Spellcasting
 17416 | Lair:5   | Noticed an entropy weaver
 17417 | Lair:5   | Noticed an entropy weaver
 17423 | Lair:5   | Killed an entropy weaver
 17445 | Lair:5   | Slain by a polar bear

Levels and vault maps discovered:
D:1:      erik_arrival_cave_to_civilisation [erik_arrival_cave_to_hall],
          layout_basic, st_stairs_10, minmay_vboxes
D:2:      layout_loops_ring, first_ration
D:3:      layout_loops_ring, lemuel_round_altar, gup_sewer_entry_pipe
D:4:      layout_basic, minmay_temple_entry_antechambers, serial_shops, shop,
          kb_xom_exploding_sheep
D:5:      layout_basic, grunt_temple_overflow_open, serial_undead,
          serial_undead_c, serial_undead_f, serial_undead_d, serial_undead_a,
          minmay_misc_feat_plants, uniq_duvessa, uniq_eustachio
D:6:      layout_basic, minmay_fountain_box, uniq_blork_the_orc
D:7:      layout_gridville
D:8:      layout_loops_ring, gammafunk_ghost_necromancy, jiyva_altar_1,
          uniq_pikel
D:9:      layout_roguey, serial_shops, kennysheep_mini_moat, uniq_maurice
D:10:     minmay_blocky_corners, layout_basic, dpeg_lair_monsters, serial_shops,
          nicolae_shop_temple_entry_statues_fountains, uniq_gastronok,
          uniq_josephine
Lair:1:   layout_gridlike, fungi_pond_lemuel, uniq_joseph
Lair:2:   layout_cave_pods
Lair:3:   layout_regular_city, skrybe_swamp_entry_bodies,
          nicolae_spider_entry_orb_guardian, infiniplex_staircase_pool_2
Lair:4:   layout_misc_corridors, minivault_23, fungi_pond_lemuel,
          grunt_megastairs_2
Lair:5:   layout_cave_shapes, nicolae_slime_entry_slimehenge,
          nicolae_volcano_entry_batcave, wad_woods_antlair

Skill      XL: |  1  2  3  4  5  6  7  8  9 10 11 12 13 |
---------------+----------------------------------------+-----
Earth Magic    | 4 5 6 7 8 9 11 12 13 14 | 14.6
Spellcasting   | 3 4 5 6 7 8 9 10 | 10.1
Fighting       | 1 2 3 4 5 6 7 8 9 |  9.4
Armour         | 1 2 3 4 5 6 |  6.2
Maces & Flails | 1 2 3 4 6 7 8 |  8.6
Evocations     | 2 4 6 7 |  7.5
Fire Magic     | 4 6 |  6.2
Shields        | 2 |  2.5
Dodging        | |  1.5
Stealth        | |  2.1
Transmutations | |  0.7

Action                   |  1- 3 |  4- 6 |  7- 9 | 10-12 | 13-15 || total
-------------------------+-------+-------+-------+-------+-------++-------
Melee: Spear             |    58 |       |       |       |       ||    58
       Mace              |    14 |   242 |   121 |       |       ||   377
       Flail             |       |       |    18 |   242 |   225 ||   485
       Whip              |       |       |    18 |       |       ||    18
 Cast: Sandblast         |    14 |    39 |    74 |    52 |       ||   179
       Stone Arrow       |       |    10 |    24 |   150 |    78 ||   262
       Lee's Rapid Decon |       |       |     8 |    43 |    29 ||    80
       Regeneration      |       |       |       |     1 |       ||     1
       Sticky Flame      |       |       |       |       |     1 ||     1
Evoke: Wand              |       |       |       |     3 |     6 ||     9
  Use: Scroll            |       |       |     3 |    10 |     3 ||    16
 Stab: Sleeping          |       |     2 |     3 |     2 |       ||     7
  Eat: Chunk             |     1 |     2 |     4 |    11 |    10 ||    28
       Ration            |       |     3 |     3 |     6 |     2 ||    14
Armor: Robe              |    27 |   103 |       |       |       ||   130
       Leather armour    |       |    10 |    85 |    44 |       ||   139
       Troll leather arm |       |       |       |   139 |   180 ||   319
Dodge: Dodged            |    62 |   181 |   106 |   185 |   155 ||   689
Block: Other             |     4 |    76 |    42 |    79 |    47 ||   248
       Reflection        |       |     1 |     2 |     4 |       ||     7
       Shield            |       |       |       |       |    68 ||    68
